cohdb
Replays
Latest Replays
All Replays
Popular Replays
Top Player Replays
Match Explorer
How It Works
Community
CoH3 Stats
Reddit
Sign in to upload your games and track your stats! →
Sign in with Steam
Match 45241404
Unlisted
Match 45241404
Overview
Messages
Build Orders
End
Engineer Squad
Construct Barracks
1⁄4-ton 4x4 Truck
Selects Advanced Infantry Battlegroup
Riflemen Squad
Riflemen Squad
Construct Medical Station
Selects Convert to Ranger Squad
Riflemen Squad
Grenade Package
Infantry Support Center
Selects Ammunition Storage
Riflemen Squad
M1918 Browning Automatic Rifles
Convert to Ranger Squad
Engineer Squad
Selects M2A1 105mm Howitzer Emplacement
Convert to Ranger Squad
Selects Designate Assault Position
Forward Retreat Point
Advanced Logistics
anioki
Valten
Sky Blues
CPU HARD
SpuD_FR
Roel
BLACK_CARDINAL
AVG Protection
0
0
Comments
sign in to comment!
No comments posted yet!